[Event "Canarian Championship Seniors 2022"]
[Site "Brena Baja La Palma"]
[Date "2022.06.03"]
[Round "5.4"]
[White "Perez Aleman, Pedro Tomas"]
[Black "Camino Carrio, Nicanor"]
[Result "1-0"]
[ECO "A48"]
[WhiteElo "2047"]
[BlackElo "1945"]
[Annotator "TA"]
[PlyCount "32"]
[EventDate "2022.06.01"]
[EventType "swiss"]
[EventCountry "ESP"]
[SourceTitle "playchess.com"]
[Source "ChessBase"]
[SourceQuality "1"]
[TimeControl "5400+30"]

1. d4 Nf6 2. Bf4 g6 3. e3 Bg7 4. Nf3 O-O 5. Be2 c5 6. c3 d6 7. h3 Qb6 8. Qb3 Be6 9. Qxb6 axb6 10. a3 Nc6 11. Nbd2 Rfc8 {[%emt 0:03:05] A48: 1 d4 Nf6 2 Nf3 g6: Torre, London and Colle Systems.} 12. O-O d5 13. Bd3 h6 14. Bh2 g5 {[%emt 0:02:04] [#]} 15. g4 $146 ({Predecessor:} 15. Rfe1 g4 16. hxg4 Bxg4 17. Bg3 e6 18. Nh4 cxd4 19. exd4 Na5 20. f3 Bh5 21. Bf2 {1-0 (63) Boe,M (2250)-Rusan,P (2106) Chess.com INT 2021}) 15... Na5 16. Rae1 Ne4 {[%emt 0:04:51] White took control after the opening.  Weighted Error Value: White=0.12 (very precise) /Black=0.16 (very precise)} 1-0

[Event "Canarian Championship Seniors 2022"]
[Site "Brena Baja La Palma"]
[Date "2022.06.04"]
[Round "6.1"]
[White "Gutierrez Perez, Jose"]
[Black "Martin Luis, Cesar"]
[Result "1/2-1/2"]
[ECO "D46"]
[WhiteElo "1918"]
[BlackElo "2049"]
[Annotator "TA"]
[PlyCount "62"]
[EventDate "2022.06.01"]
[EventType "swiss"]
[EventCountry "ESP"]
[SourceTitle "playchess.com"]
[Source "ChessBase"]
[SourceQuality "1"]
[TimeControl "5400+30"]

1. d4 Nf6 2. c4 e6 3. Nf3 d5 4. e3 c6 5. Nc3 Nbd7 6. Bd3 Bd6 7. O-O O-O 8. Qe2 Re8 {[%emt 0:20:48] D46: Semi-Slav: 5 e3 Nbd7 6 Bd3, Black avoids the Meran.} (8... e5 $5 9. cxd5 cxd5 $11) 9. Qc2 e5 {[%emt 0:02:38] [#]} 10. dxe5 $146 ({Predecessor:} 10. cxd5 cxd5 11. Nb5 Bb8 12. dxe5 Nxe5 13. Be2 a6 14. Nbd4 Bd7 15. Bd2 Nc6 16. Rfd1 Qc7 {0-1 (47) Schneegass,H-Zimmermann,H DDR 1973}) 10... Nxe5 {[%emt 0:00:08] Black is slightly better.} 11. Nxe5 Bxe5 12. f4 (12. cxd5 $11 {remains equal.} cxd5 13. Nb5) 12... Bc7 $17 13. cxd5 cxd5 14. Na4 Bd7 15. Nc5 Bc6 16. b4 a6 {[%emt 0:03:50] Prevents b5.} (16... Bd6 $15 {might be stronger.}) 17. Bb2 $11 Rxe3 (17... Ng4 {looks sharper.} 18. Bd4 Nxe3 19. Bxh7+ Kh8) 18. Bd4 Re8 19. Rf3 $2 {[%emt 0:02:02] [#]} (19. Qb2) ({White should play} 19. Qb2 $11) 19... Ne4 (19... Re4 $142 $1 20. Qb2 Rxf4 21. Rxf4 Bxf4) 20. Raf1 Bd6 21. Qb2 Bf8 (21... f6 $17 22. Re3 Bxc5 23. bxc5 Re7) 22. f5 ({Better is} 22. Bxe4 $15 dxe4 23. Rg3) 22... Nxc5 (22... Bxc5 $17 23. bxc5 f6) 23. bxc5 $15 f6 24. Qf2 (24. g4 $15) 24... Bb5 $17 25. Bxb5 axb5 26. Rb3 (26. Rd1 $17 {keeps fighting.}) 26... Qa5 (26... Re4 $19 {White must now prevent ...Ra4.} 27. Qd2 Qa5) 27. Rfb1 Qxa2 {[%emt 0:01:28] Threatens to win with ...Re2.} 28. Qg3 $2 {[%emt 0:00:05] [#]} (28. h3 $17 {was worth a try.}) 28... Kh8 $2 (28... Ra3 $3 $19 {[%mdl 512] is more deadly. aiming for ...Rxb3.} 29. Qf2 Re2 30. Qxe2 Qxe2 31. Rxa3 b6) 29. Rxb5 Qc2 30. Rxb7 Ra2 (30... Qxf5 $15 {was preferrable.} 31. Qf2 Qd3) 31. h3 $2 {[%emt 0:00:03][%mdl 8192] [#]} (31. Kh1 $1 $11) 31... Re2 $1 {[%emt 0:00:09] Weighted Error Value: White=0.53/Black=0.36} 1/2-1/2

[Event "Canarian Championship Seniors 2022"]
[Site "Brena Baja La Palma"]
[Date "2022.06.04"]
[Round "6.2"]
[White "Machin Arbelo, Pedro Alexis"]
[Black "Martin Rodriguez, Jose Carlos"]
[Result "1-0"]
[ECO "B50"]
[WhiteElo "1975"]
[BlackElo "1703"]
[Annotator "TA"]
[PlyCount "39"]
[EventDate "2022.06.01"]
[EventType "swiss"]
[EventCountry "ESP"]
[SourceTitle "playchess.com"]
[Source "ChessBase"]
[SourceQuality "1"]
[TimeControl "5400+30"]

1. c3 d6 2. e4 c5 3. Nf3 Nc6 4. Bc4 Nf6 5. d3 g6 6. O-O Bg7 7. h3 O-O 8. Bb3 e5 {[%emt 0:03:16] B50: Sicilian: 2...d6, Miscellaneous.} 9. Re1 (9. Bg5 {seems wilder.} b5 10. a4 b4 11. Bd5) 9... Ne8 {[%emt 0:07:51] [#]} 10. Bg5 $146 ({Predecessor:} 10. Be3 Nc7 11. Na3 b6 12. Qd2 Be6 13. Ba4 Bd7 14. Bg5 Bf6 15. Bh6 Re8 16. Bb3 {0-1 (66) Rogic,D (2494)-Heinemann,T (2501) Austria 2019}) 10... Qd7 {[%emt 0:00:57] The position is equal.} 11. Qd2 Nc7 12. Bh6 Ne6 (12... Qe7) 13. Na3 a6 14. Nc4 {[%emt 0:01:54] [#] Threatens to win with Bxg7. White is more active.} b5 $2 {[%emt 0:00:21] Black cannot hold the game after this.} (14... Rb8 $14) 15. Nb6 $18 Qb7 16. Nxa8 Qxa8 17. Bd5 Bd7 $2 {[%emt 0:01:02] [#]} (17... Bb7 18. a4 b4) 18. d4 cxd4 19. cxd4 Qd8 $2 (19... exd4 20. Bxg7 Kxg7) 20. Bxc6 {[%emt 0:00:36] Weighted Error Value: White=0.06 (flawless) /Black=0.74} 1-0

[Event "Canarian Championship Seniors 2022"]
[Site "Brena Baja La Palma"]
[Date "2022.06.04"]
[Round "6.3"]
[White "Haertl, Siegfried"]
[Black "Perez Aleman, Pedro Tomas"]
[Result "1/2-1/2"]
[ECO "A84"]
[WhiteElo "1932"]
[BlackElo "2047"]
[Annotator "TA"]
[PlyCount "101"]
[EventDate "2022.06.01"]
[EventType "swiss"]
[EventCountry "ESP"]
[SourceTitle "playchess.com"]
[Source "ChessBase"]
[SourceQuality "1"]
[TimeControl "5400+30"]

1. d4 d5 2. Nf3 e6 3. c4 c6 4. Nc3 f5 5. Bf4 Nf6 6. e3 Be7 7. Bd3 O-O 8. O-O Ne4 9. Nd2 {[%emt 0:04:38][%cal Rd2e4] A84: Dutch Defence: 2 c4 Miscellaneous.} g5 10. Bxb8 (10. Ncxe4 dxe4 11. Bxb8 Rxb8) (10. Bxe4 gxf4 11. Bd3) (10. Ncxe4 dxe4 11. Bxb8 Rxb8 $15) 10... Rxb8 11. f3 {[%emt 0:02:34] [#] The position is equal.} Nf6 $146 ({Predecessor:} 11... Nxd2 12. Qxd2 Bf6 13. Ne2 Kh8 14. Kh1 Rg8 15. Rad1 a6 16. e4 dxe4 17. fxe4 f4 {0-1 (57) Petlak,J (2011)-Danek,P (1968) Czech Republic 2006}) 12. c5 g4 (12... b6 13. b4 e5) 13. Qe2 Kh8 14. Kh1 Rg8 15. Qf2 (15. Rab1) (15. b4 $11) 15... b6 (15... g3 {is interesting.} 16. Qe2 gxh2 17. f4 b6) 16. b4 bxc5 (16... g3 17. hxg3 Nh5) (16... g3 $5 17. Qg1 (17. hxg3 Nh5 $17) 17... bxc5 18. bxc5 Rb2 $15) 17. bxc5 Qa5 (17... g3 18. Qg1 (18. hxg3 Nh5) 18... Rb2) 18. Nd1 Ba6 (18... g3 $17 19. hxg3 Qc7) 19. Qe2 $11 Bxd3 20. Qxd3 Qb5 21. Qxb5 Rxb5 22. Nb3 Bd8 23. Nc3 Rb7 24. Ne2 Bc7 25. Rac1 Rg6 (25... a5 26. Rc2 Rgb8) 26. Nf4 Bxf4 27. exf4 gxf3 28. Rxf3 Ne4 29. Rc2 (29. g3) (29. g3 $1 $11 {remains equal.}) 29... a5 (29... Rb4) ({Black should try} 29... Rb4 $17) 30. h3 (30. Kg1) (30. Kg1 $11) 30... h5 (30... a4 $17 31. Na5 Rb1+ 32. Kh2 e5 33. fxe5 Kg7) 31. Nxa5 Rb1+ 32. Kh2 h4 $1 33. Rb3 (33. Nxc6 Ng3) 33... Rf1 (33... Rxb3 $2 34. axb3 Rg3 35. b4 $18) 34. Rcb2 (34. Nxc6 Ng3) 34... Ng3 (34... Kh7 $1 $11) 35. Rb1 $1 $14 (35. Rb8+ $2 Rg8 36. Rb1 (36. Rxg8+ Kxg8 37. Rb8+ Kf7 38. Rb7+ Kf6) 36... Rxb8 37. Rxf1 (37. Rxb8+ Kg7 38. Rb7+ Kf6) 37... Nxf1+ $19) 35... Rf2 (35... Rxf4 $14 36. Nxc6 Rf2) 36. Rb8+ $16 (36. Nxc6 $6 Nh5 37. Rg1 (37. Rb8+ Kh7 $11) 37... Nxf4 $11) 36... Kh7 {[%emt 0:01:18] [#]} 37. R1b7+ $1 ({Much worse is} 37. Nxc6 $6 Nh5 38. Kh1 Rgxg2 39. R1b7+ Ng7 $11) 37... Rg7 38. Rxg7+ $2 ({White should play} 38. Nxc6 $16 {Strongly threatening a4.} Nh5 39. Rxg7+ Kxg7 40. Rb7+ Kh6 41. Na7) 38... Kxg7 {[%emt 0:00:01][%mdl 4096] Endgame KRN-KRN} 39. Rb1 {[%emt 0:00:38] Threatens to win with Ra1.} (39. Nxc6 {gets mated.} Rf1) 39... Rxa2 40. Nxc6 Rc2 41. Rb7+ Kh6 42. Rb8 Kg7 (42... Rc1 $5 43. Rh8+ Kg7 44. Rxh4 Nf1+ 45. Kh1 Ng3+ 46. Kh2 Nf1+ 47. Kh1 Ng3+ 48. Kh2 $11) 43. Rb7+ Kh6 44. Rb8 Kg7 {[%emt 0:07:31] [#] ( -> ...Rc1)} 45. Rb1 {[%emt 0:04:03] Inhibits Rc1.} Ne2 46. Ne5 Nxf4 47. c6 {[%emt 0:00:01] And now Rb5 would win.} Rxg2+ (47... Ne2 $5 48. Nf3 (48. Rb7+ Kf6 $15) 48... f4 $15) 48. Kh1 {[%emt 0:00:01] Rg1 is the strong threat.} Rc2 49. Rb7+ Kh6 50. Re7 (50. Nf7+ $11 {keeps the balance.} Kh5 51. c7) 50... Nxh3 $17 {[%emt 0:00:20] Hoping for ...Nf2+.} 51. Rxe6+ {[%emt 0:00:04] Weighted Error Value: White=0.32/Black=0.27 (precise)} 1/2-1/2

[Event "Canarian Championship Seniors 2022"]
[Site "Brena Baja La Palma"]
[Date "2022.06.04"]
[Round "6.4"]
[White "Iglesias Dominguez, Jacinto"]
[Black "Gonzalez Ortega, Jose Miguel"]
[Result "0-1"]
[ECO "A17"]
[WhiteElo "1382"]
[BlackElo "1726"]
[Annotator "NA RC COMBH"]
[PlyCount "121"]
[EventDate "2022.06.01"]
[EventType "swiss"]
[EventCountry "ESP"]
[SourceTitle "playchess.com"]
[Source "ChessBase"]
[SourceQuality "1"]
[TimeControl "5400+30"]

1. Nf3 Nf6 2. c4 c5 3. Nc3 e6 4. d3 b6 5. g3 Bb7 6. Bg2 Be7 7. O-O O-O 8. e4 d6 9. Re1 Nbd7 10. Be3 a6 11. Nd2 Qc7 12. f4 Rad8 13. Nf3 Qb8 14. Qc2 Ng4 15. Rad1 Nxe3 16. Rxe3 Qa8 17. Rf1 Bf6 18. a3 Bd4 19. Qe2 Nf6 20. h3 Rfe8 21. Nd1 Bxe3+ 22. Nxe3 b5 23. b3 Bc6 24. Qc2 bxc4 25. bxc4 Qc8 26. Ng5 h6 27. Nf3 Qd7 28. e5 Bxf3 29. Rxf3 Nh7 30. Ng4 h5 31. Nf2 dxe5 32. Ne4 exf4 33. gxf4 Qd4+ 34. Kh2 f5 35. Ng5 Nxg5 36. fxg5 Rb8 37. Rf2 h4 38. Qe2 g6 39. Qf3 Qd6+ 40. Kg1 Rb1+ 41. Rf1 Qd4+ 42. Kh1 Rxf1+ 43. Bxf1 Qd6 44. Qf2 Qg3 45. Qxc5 Rb8 46. Qd4 Qf3+ 47. Kg1 Qg3+ 48. Kh1 Qxg5 49. Qe5 Rb1 50. Qxe6+ Kg7 51. Qe5+ Kf7 52. Qc7+ Qe7 53. Qxe7+ Kxe7 54. Kg2 Ra1 55. Kf2 Rxa3 56. d4 a5 57. c5 a4 58. d5 Rc3 59. c6 Kd6 60. Bb5 a3 61. Bf1 0-1